[Event "Titled Tuesday Blitz October 31 Early 2023"]
[White "Samarth J Rao"]
[Black "Titichoca Daza, Daniel"]
[WhiteFideId "46652370"]
[BlackFideId "3309550"]
[WhiteElo "2084"]
[BlackElo "2550"]
[Result "1-0"]
[Round "1"]
[TimeControl "180+1"]
[Date "2023.10.31"]
[WhiteClock "0:00:32"]
[BlackClock "0:00:40"]
[Board "186"]

1. e4 e5 2. Nf3 Nc6 3. Bb5 Nge7 4. O-O a6 5. Ba4 Ng6 6. c3 d6 7. d4 Bd7 8. Nbd2 Be7 9. Nc4 O-O 10. Bc2 Bf6 11. d5 Nce7 12. h3 Nf4 13. Nh2 Neg6 14. Ng4 Bg5 15. Kh2 h5 16. Nge3 Bh6 17. Nf5 h4 18. g3 Nh5 19. Qxh5 Bxc1 20. Raxc1 Qf6 21. Nce3 c6 22. Rcd1 c5 23. Ng4 Qd8 24. Nxh4 Nh8 25. f4 g6 26. Qh6 Bxg4 27. hxg4 Qe7 28. f5 g5 29. f6 Qxf6 30. Rxf6 gxh4 31. Qg5+ Ng6 32. gxh4 Kg7 33. h5 Rh8 34. Rxg6+ fxg6 35. Qxg6+ Kf8 36. Rf1+ Ke7 37. Rf7+ Kd8 38. Qxd6+ Ke8 39. Qe7# 1-0


[Site "https://www.chess.com"]

[Event "Titled Tuesday Blitz October 31 Early 2023"]
[White "chess123456s"]
[Black "spiritof_stlouis"]
[WhiteElo "2550"]
[BlackElo "2079"]
[Result "1-0"]
[Round "1"]
[TimeControl "180+1"]
[Date "2023.10.31"]
[WhiteClock "0:00:52"]
[BlackClock "0:00:22"]
[Board "187"]

1. d4 c5 2. d5 g6 3. Nc3 Bg7 4. e4 d6 5. Bb5+ Bd7 6. a4 Nf6 7. Nf3 O-O 8. O-O a6 9. Be2 Bg4 10. Nd2 Bxe2 11. Qxe2 e6 12. Nc4 e5 13. f4 exf4 14. Bxf4 Ne8 15. a5 Qc7 16. e5 dxe5 17. Nxe5 Qe7 18. Rae1 Nd7 19. d6 Nxd6 20. Nd5 Qd8 21. Nxd7 Qxd7 22. Nb6 Qc6 23. Nxa8 Rxa8 24. Kh1 Nf5 25. c3 h6 26. Qe4 Qb5 27. Be5 Re8 28. c4 Rxe5 29. cxb5 Rxe4 30. Rxe4 Bxb2 31. Re8+ Kg7 32. Rb8 axb5 33. Rxb7 Nd6 34. Rb6 Be5 35. a6 b4 36. a7 1-0


[Site "https://www.chess.com"]

[Event "Titled Tuesday Blitz October 31 Early 2023"]
[White "Levine, David"]
[Black "Arencibia Monduy, Antonio"]
[WhiteFideId "2011611"]
[BlackFideId "3507939"]
[WhiteElo "2062"]
[BlackElo "2545"]
[Result "0-1"]
[Round "1"]
[TimeControl "180+1"]
[Date "2023.10.31"]
[WhiteClock "0:00:28"]
[BlackClock "0:00:46"]
[Board "188"]

1. d4 b6 2. e4 Bb7 3. Bd3 e6 4. Qe2 Ne7 5. c3 c5 6. Nf3 cxd4 7. cxd4 Ng6 8. h4 h5 9. Nc3 a6 10. Bg5 Qc7 11. Rc1 Nf4 12. Bxf4 Qxf4 13. O-O Be7 14. d5 O-O 15. g3 Qh6 16. Rfd1 d6 17. Nd4 Nd7 18. dxe6 fxe6 19. Qd2 Qf6 20. Nde2 Ne5 21. Qe3 Ng4 22. Qf4 Qg6 23. e5 Qe8 24. Qe4 Bxe4 0-1


[Site "https://www.chess.com"]

[Event "Titled Tuesday Blitz October 31 Early 2023"]
[White "Brown, Andrew"]
[Black "Castillo Pena, Patricia Evarista"]
[WhiteFideId "3206513"]
[BlackFideId "6412106"]
[WhiteElo "2542"]
[BlackElo "2056"]
[Result "1-0"]
[Round "1"]
[TimeControl "180+1"]
[Date "2023.10.31"]
[WhiteClock "0:00:36"]
[BlackClock "0:00:20"]
[Board "189"]

1. d4 d5 2. c4 c6 3. Nf3 Nf6 4. Nc3 e6 5. Bg5 Be7 6. e3 Nbd7 7. Qc2 O-O 8. cxd5 exd5 9. Bd3 h6 10. Bh4 Re8 11. O-O b6 12. Rfc1 Bb7 13. a3 Nf8 14. b4 Rc8 15. Bf5 Rb8 16. Ne5 Bd6 17. f4 Ne6 18. Ng4 Be7 19. Bxe6 Nxg4 20. Bxe7 Nxe3 21. Bxd8 Nxc2 22. Rxc2 Rbxd8 23. Bg4 Re3 24. Kf2 Rde8 25. Re2 Rxe2+ 26. Nxe2 Ba6 27. Rc1 f5 28. Bf3 Bb5 29. Nc3 Bd3 30. b5 1-0


[Site "https://www.chess.com"]

[Event "Titled Tuesday Blitz October 31 Early 2023"]
[White "leonidsh29"]
[Black "Richter, Paul"]
[BlackFideId "2046350"]
[WhiteElo "2053"]
[BlackElo "2542"]
[Result "0-1"]
[Round "1"]
[TimeControl "180+1"]
[Date "2023.10.31"]
[WhiteClock "0:00:00"]
[BlackClock "0:00:43"]
[Board "190"]

1. d4 Nf6 2. c4 g6 3. Nc3 Bg7 4. e4 d6 5. h3 O-O 6. Nf3 Na6 7. Be2 e5 8. d5 Nc5 9. Qc2 a5 10. Be3 Nh5 11. Nd2 Nf4 12. O-O Qg5 13. Bxf4 exf4 14. Nf3 Qe7 15. Rfe1 Bxc3 16. bxc3 Qxe4 17. Qd2 Qf5 18. Nd4 Qf6 19. Bg4 Bxg4 20. hxg4 Rfe8 21. f3 Re5 22. Nb3 Rae8 23. Rxe5 Qxe5 24. Nxc5 dxc5 25. Kf2 Qe3+ 26. Qxe3 Rxe3 27. Re1 Rxc3 28. Re7 Rxc4 29. Rxc7 b6 30. Rb7 Rd4 31. Rxb6 Rxd5 32. Ra6 Rd2+ 33. Kg1 Rxa2 34. Rc6 Rc2 35. Ra6 g5 36. Rxa5 Kg7 37. Kh2 h6 0-1


[Site "https://www.chess.com"]

[Event "Titled Tuesday Blitz October 31 Early 2023"]
[White "Herzog2012"]
[Black "Sailer, Mike"]
[BlackFideId "2012901"]
[WhiteElo "2541"]
[BlackElo "2041"]
[Result "1-0"]
[Round "1"]
[TimeControl "180+1"]
[Date "2023.10.31"]
[WhiteClock "0:00:54"]
[BlackClock "0:00:00"]
[Board "191"]

1. e4 d5 2. exd5 Qxd5 3. Nc3 Qd6 4. d4 c6 5. Nf3 Bg4 6. h3 Bh5 7. g4 Bg6 8. Ne5 Nf6 9. Bg2 Nbd7 10. Nxg6 hxg6 11. Be3 e6 12. Qd2 Qc7 13. O-O-O O-O-O 14. Rhe1 Nb6 15. Qe2 Nbd5 16. Nxd5 cxd5 17. Kb1 Kb8 18. Rc1 Rc8 19. c3 Bd6 20. Rc2 Ka8 21. Rec1 Qc4 22. Qxc4 Rxc4 23. b3 Rc7 24. c4 Ba3 25. Rd1 Rhc8 26. c5 b6 27. Bf4 Rc6 28. Bc1 Bxc1 29. Rdxc1 bxc5 30. dxc5 Kb7 31. b4 a6 32. a4 Kc7 33. Kb2 Kd7 34. Ka3 Ne4 35. Bxe4 dxe4 36. b5 axb5 37. axb5 R6c7 38. Kb4 f5 39. b6 Rc6 40. Ra2 Rb8 41. Kb5 Rcc8 42. c6+ 1-0


[Site "https://www.chess.com"]

[Event "Titled Tuesday Blitz October 31 Early 2023"]
[White "ivana_999"]
[Black "Toropov, Pavel"]
[BlackFideId "24129178"]
[WhiteElo "2031"]
[BlackElo "2540"]
[Result "0-1"]
[Round "1"]
[TimeControl "180+1"]
[Date "2023.10.31"]
[WhiteClock "0:00:50"]
[BlackClock "0:01:41"]
[Board "192"]

1. d4 d5 2. c4 c6 3. Nc3 Nf6 4. Nf3 dxc4 5. a4 Bf5 6. Bg5 Ne4 7. Nxe4 Bxe4 8. e3 Bxf3 9. Qxf3 Qa5+ 10. Kd1 Qxg5 11. Bxc4 e6 12. Rc1 a5 13. h4 Qf6 14. Qe2 Na6 15. Bxa6 Rxa6 16. Rc3 Bb4 17. Rc4 O-O 18. Kc2 b5 19. g4 bxc4 20. g5 Qf5+ 21. e4 Qf4 22. h5 c5 23. g6 cxd4 24. gxh7+ Kh8 25. Kb1 d3 26. Qf1 Qxe4 27. h6 g6 28. Qh3 Rd6 29. f3 Qf5 30. Qg3 d2+ 31. Ka2 d1=Q 32. Rxd1 Rxd1 0-1


[Site "https://www.chess.com"]

[Event "Titled Tuesday Blitz October 31 Early 2023"]
[White "ChessRespected"]
[Black "Phillips, Rene"]
[BlackFideId "2056275"]
[WhiteElo "2538"]
[BlackElo "2012"]
[Result "1-0"]
[Round "1"]
[TimeControl "180+1"]
[Date "2023.10.31"]
[WhiteClock "0:01:33"]
[BlackClock "0:00:50"]
[Board "193"]

1. d4 Nc6 2. Nf3 Nf6 3. Bg5 e6 4. Nbd2 Be7 5. e4 d6 6. Bb5 Bd7 7. Qe2 e5 8. Bxc6 Bxc6 9. dxe5 dxe5 10. Nxe5 Qd4 11. Nxc6 bxc6 12. c3 Qe5 13. f4 Qb5 14. Qxb5 cxb5 15. O-O-O Ng4 16. Bxe7 Kxe7 17. Rdf1 Rhd8 18. h3 Nf6 19. Rf3 c5 20. e5 Nd5 21. Ne4 Rac8 22. Rd1 Rc6 23. Nd6 Nb6 24. Nf5+ 1-0


[Site "https://www.chess.com"]

[Event "Titled Tuesday Blitz October 31 Early 2023"]
[White "Lohani, Sujana"]
[Black "El_Matador12"]
[WhiteFideId "12311987"]
[WhiteElo "1952"]
[BlackElo "2534"]
[Result "0-1"]
[Round "1"]
[TimeControl "180+1"]
[Date "2023.10.31"]
[WhiteClock "0:00:00"]
[BlackClock "0:01:24"]
[Board "194"]

1. d4 d5 2. Nf3 Nf6 3. c4 c6 4. Nc3 a6 5. e3 Bg4 6. h3 Bxf3 7. Qxf3 e6 8. Bd2 Nbd7 9. Bd3 Be7 10. O-O dxc4 11. Bxc4 O-O 12. Rfd1 Qb6 13. Rab1 e5 14. Bb3 exd4 15. exd4 Qxd4 16. Be3 Qb4 17. Rd4 Qa5 18. Rbd1 Ne5 19. Qg3 Ng6 20. Ne4 Nxe4 21. Rxe4 Bf6 22. Bd4 Bxd4 23. Rexd4 Rad8 24. h4 Rxd4 25. Rxd4 Qe5 26. Rd7 Qxg3 27. fxg3 b5 28. Kf2 a5 29. a3 Ne5 30. Rc7 c5 31. Ke3 a4 32. Bd5 Re8 33. Kf4 h6 34. Bxf7+ Nxf7 35. Rxc5 Nd6 36. Rd5 Re4+ 37. Kf3 Re6 38. g4 Kf7 39. g5 hxg5 40. hxg5 Ke7 41. Kg4 Re2 42. Re5+ Rxe5 0-1


[Site "https://www.chess.com"]

[Event "Titled Tuesday Blitz October 31 Early 2023"]
[White "Skatchkov, Valery"]
[Black "Mirza, Diana"]
[WhiteFideId "24195812"]
[BlackFideId "2503999"]
[WhiteElo "2531"]
[BlackElo "1942"]
[Result "1-0"]
[Round "1"]
[TimeControl "180+1"]
[Date "2023.10.31"]
[WhiteClock "0:02:26"]
[BlackClock "0:01:26"]
[Board "195"]

1. e4 c5 2. Nf3 e6 3. c4 Nc6 4. Nc3 Nf6 5. d4 cxd4 6. Nxd4 Nxd4 7. Qxd4 Be7 8. Be3 d6 9. Be2 a6 10. O-O Qc7 11. Rac1 O-O 12. Rfd1 Bd7 13. b3 Bc6 14. f3 Rfd8 15. Qb6 Qxb6 16. Bxb6 Rd7 17. b4 Bd8 18. Bf2 b5 19. cxb5 axb5 20. Nxb5 Rxa2 21. Rxc6 Rxe2 22. Rcxd6 Rxd6 23. Nxd6 Be7 24. b5 Nd7 25. Nc4 Nb8 26. Ra1 Bd8 27. Ra8 Bc7 28. b6 1-0


[Site "https://www.chess.com"]

[Event "Titled Tuesday Blitz October 31 Early 2023"]
[White "Perez Cruz, Adianet"]
[Black "Yaksin, Oleg"]
[WhiteFideId "3510115"]
[BlackFideId "24105880"]
[WhiteElo "1933"]
[BlackElo "2530"]
[Result "0-1"]
[Round "1"]
[TimeControl "180+1"]
[Date "2023.10.31"]
[WhiteClock "0:01:13"]
[BlackClock "0:01:46"]
[Board "196"]

1. d4 Nf6 2. Bg5 e6 3. e4 h6 4. Bxf6 Qxf6 5. e5 Qe7 6. c3 g6 7. Nd2 Bg7 8. Ngf3 d6 9. Bd3 Nd7 10. exd6 cxd6 11. Qe2 O-O 12. O-O b6 13. Rfe1 Bb7 14. Be4 Bxe4 15. Nxe4 d5 16. Ned2 Rfc8 17. h3 a6 18. a3 b5 19. Rac1 Rab8 20. Ne5 Nxe5 21. dxe5 a5 22. Nb3 a4 23. Nd4 Rc4 24. Rcd1 Qc7 25. f4 Bf8 26. Kh1 Bc5 27. g4 Bxd4 28. Rxd4 Rxd4 29. cxd4 Qc4 30. Qd2 Rc8 31. Rd1 Qc2 32. Kg2 Qe4+ 33. Kg3 Rc2 34. Qd3 Rg2+ 35. Kh4 Qxf4 0-1


[Site "https://www.chess.com"]

[Event "Titled Tuesday Blitz October 31 Early 2023"]
[White "Shubenkova, Veronika"]
[Black "Desideri, Ricardo Maruchi"]
[WhiteFideId "44124040"]
[BlackFideId "2110440"]
[WhiteElo "2529"]
[BlackElo "1932"]
[Result "1-0"]
[Round "1"]
[TimeControl "180+1"]
[Date "2023.10.31"]
[WhiteClock "0:02:41"]
[BlackClock "0:02:03"]
[Board "197"]

1. e4 c5 2. Nc3 g6 3. g3 Bg7 4. Bg2 Nc6 5. d3 e6 6. f4 Nge7 7. Nf3 d5 8. O-O d4 9. Ne2 O-O 10. Rb1 b5 11. g4 Bb7 12. h4 Qc7 13. h5 a5 14. Nh4 c4 15. f5 Qg3 1-0


[Site "https://www.chess.com"]

[Event "Titled Tuesday Blitz October 31 Early 2023"]
[White "Gyulamiryan-koryun"]
[Black "sjoerd893"]
[WhiteElo "1913"]
[BlackElo "2529"]
[Result "0-1"]
[Round "1"]
[TimeControl "180+1"]
[Date "2023.10.31"]
[WhiteClock "0:00:00"]
[BlackClock "0:00:15"]
[Board "198"]

1. e4 c5 2. Nf3 Nc6 3. d4 cxd4 4. Nxd4 Nf6 5. Nc3 e5 6. Ndb5 d6 7. Bg5 a6 8. Na3 b5 9. Nd5 Be7 10. Bxf6 Bxf6 11. c3 Rb8 12. Nc2 Bg5 13. a4 bxa4 14. Rxa4 Rxb2 15. Bxa6 Bd7 16. Ra1 O-O 17. O-O Qb8 18. Ncb4 Nxb4 19. Nxb4 Be6 20. Rb1 Rxb1 21. Qxb1 Qc7 22. Qb2 g6 23. Nd5 Bxd5 24. exd5 Rb8 25. Qc2 Qc5 26. c4 Rb6 27. Qa2 Kg7 28. Bb5 Rb7 29. g3 Ra7 30. Qc2 Ra5 31. Qe4 f5 32. Qe1 Ra2 33. Kg2 Bf6 34. Qb1 Qa3 35. Be8 Rb2 36. Qa1 Ra2 37. Qd1 e4 38. Qb1 Qa7 39. Bc6 Bd4 40. Qb7+ Qxb7 41. Bxb7 e3 42. Kf3 exf2 43. Bc6 Bc5 44. Bb5 Kf6 45. h3 Rc2 46. Ba6 Rc3+ 47. Kg2 g5 48. Bb5 h6 49. g4 f4 50. Ba6 Rg3+ 51. Kh2 Rg1 52. Rxf2 Bxf2 53. c5 Bxc5 54. Bd3 Rc1 55. h4 Rc3 56. Bf5 gxh4 57. Be6 Kg5 58. Bd7 Rg3 59. Be6 Rxg4 60. Bxg4 Kxg4 0-1


[Site "https://www.chess.com"]

[Event "Titled Tuesday Blitz October 31 Early 2023"]
[White "Bazilius, Augustinas"]
[Black "Mohammadian,Mohammad"]
[WhiteFideId "12832251"]
[BlackFideId "12566055"]
[WhiteElo "2528"]
[BlackElo "1869"]
[Result "1-0"]
[Round "1"]
[TimeControl "180+1"]
[Date "2023.10.31"]
[WhiteClock "0:00:44"]
[BlackClock "0:00:00"]
[Board "199"]

1. d4 Nf6 2. c4 g6 3. Nc3 d5 4. cxd5 Nxd5 5. Bd2 Nxc3 6. Bxc3 Bg7 7. e4 c5 8. d5 Bxc3+ 9. bxc3 Qa5 10. Qd2 Nd7 11. f4 b5 12. Nf3 Ba6 13. Bd3 c4 14. Bc2 Nc5 15. O-O O-O 16. f5 Qc7 17. Qh6 Qb6 18. Kh1 Qf6 19. e5 Qg7 20. Qh4 Bc8 21. f6 exf6 22. exf6 Qh8 23. Ne5 Nd7 24. Nc6 Re8 25. Ne7+ Rxe7 26. fxe7 Bb7 27. Qf4 Qg7 28. Qc7 Bxd5 29. Qxd7 1-0


[Site "https://www.chess.com"]

[Event "Titled Tuesday Blitz October 31 Early 2023"]
[White "Janaszak, Dawid"]
[Black "Nakamura, Hikaru"]
[WhiteFideId "1119206"]
[BlackFideId "2016192"]
[WhiteElo "2666"]
[BlackElo "3235"]
[Result "0-1"]
[Round "2"]
[TimeControl "180+1"]
[Date "2023.10.31"]
[WhiteClock "0:00:28"]
[BlackClock "0:02:03"]
[Board "1"]

1. e4 a6 2. d4 e6 3. Bd3 d5 4. e5 c5 5. c3 Bd7 6. a4 Nc6 7. Nf3 cxd4 8. cxd4 Bb4+ 9. Nc3 Nge7 10. O-O Rc8 11. Be3 Bxc3 12. bxc3 Na5 13. Rc1 Nc4 14. Qb3 b5 15. axb5 Bxb5 16. Rfd1 O-O 17. Bg5 h6 18. Bh4 Qd7 19. Qb4 Nf5 20. Bg3 Ba4 21. Bxf5 Rb8 22. Qc5 Bxd1 23. Rxd1 Rfc8 24. Qxc8+ Qxc8 25. Bd3 Nb2 0-1


[Site "https://www.chess.com"]

[Event "Titled Tuesday Blitz October 31 Early 2023"]
[White "Naroditsky, Daniel"]
[Black "Rosen, Eric"]
[WhiteFideId "2026961"]
[BlackFideId "2032562"]
[WhiteElo "3183"]
[BlackElo "2662"]
[Result "0-1"]
[Round "2"]
[TimeControl "180+1"]
[Date "2023.10.31"]
[WhiteClock "0:00:31"]
[BlackClock "0:00:10"]
[Board "2"]

1. d4 d5 2. Nc3 Nf6 3. Bf4 c5 4. e4 Nxe4 5. Nxe4 dxe4 6. dxc5 Nd7 7. Be3 e5 8. b4 Be7 9. Bc4 O-O 10. Ne2 Kh8 11. g4 a5 12. a3 Bg5 13. Bxg5 Qxg5 14. Qd2 e3 15. Qxe3 Qxe3 16. fxe3 axb4 17. O-O bxa3 18. Bxf7 Nxc5 19. h3 Bd7 20. Nc3 Bc6 21. Bd5 Rxf1+ 22. Kxf1 Bxd5 23. Nxd5 Ne4 24. Ke2 Ra5 25. c4 Nc5 26. Ra2 h5 27. Kd2 hxg4 28. hxg4 Ne4+ 29. Kd3 Nf6 30. Ne7 Nxg4 31. Kc3 g5 32. Kb3 Nxe3 33. Rh2+ Kg7 34. Ka2 Nxc4 35. Nf5+ Kf6 36. Ng3 Kg6 37. Rh8 b5 38. Rg8+ Kf6 39. Ne4+ Kf5 40. Nc5 b4 41. Nb3 Ra7 42. Rc8 Nd6 43. Rb8 g4 44. Rxb4 Ne4 45. Nd2 Nxd2 46. Rb8 Ne4 47. Rf8+ Nf6 48. Rf7 Rxf7 0-1


[Site "https://www.chess.com"]

[Event "Titled Tuesday Blitz October 31 Early 2023"]
[White "Kleiman, Jake"]
[Black "Martinez Alcantara, Jose Eduardo"]
[WhiteFideId "2020041"]
[BlackFideId "3805662"]
[WhiteElo "2662"]
[BlackElo "3144"]
[Result "0-1"]
[Round "2"]
[TimeControl "180+1"]
[Date "2023.10.31"]
[WhiteClock "0:00:02"]
[BlackClock "0:00:20"]
[Board "3"]

1. e4 c5 2. c3 e6 3. d4 d5 4. exd5 exd5 5. Nf3 Nf6 6. Bb5+ Nc6 7. O-O Be7 8. dxc5 Bxc5 9. Nbd2 O-O 10. Nb3 Bb6 11. Bd3 Ne4 12. h3 Re8 13. Nbd4 Qf6 14. Be3 Qg6 15. Kh1 Qh5 16. Kg1 Bxh3 17. gxh3 Qxh3 18. Re1 Nxd4 19. cxd4 Ba5 20. Bf1 Qg4+ 21. Bg2 Bxe1 22. Nxe1 Qf5 23. Nd3 Rac8 24. Rc1 Rxc1 25. Qxc1 Rc8 26. Qd1 Nf6 27. Ne5 h5 28. Bf3 Qc2 29. Bxh5 g6 30. Bf3 Ne4 31. Kg2 Kg7 32. b4 f6 33. Nd3 Qc6 34. Nc5 b6 35. b5 Qe8 36. Nxe4 dxe4 37. Be2 Rd8 38. d5 Qe5 39. Bc4 Qf5 40. Bb3 Rh8 41. d6 Qh3+ 0-1


[Site "https://www.chess.com"]

[Event "Titled Tuesday Blitz October 31 Early 2023"]
[White "Andreikin, Dmitry"]
[Black "Parkhov, Yair"]
[WhiteFideId "4158814"]
[BlackFideId "2813408"]
[WhiteElo "3097"]
[BlackElo "2660"]
[Result "1-0"]
[Round "2"]
[TimeControl "180+1"]
[Date "2023.10.31"]
[WhiteClock "0:01:12"]
[BlackClock "0:00:05"]
[Board "4"]

1. c4 Nf6 2. Nc3 e5 3. e3 Bb4 4. Nge2 O-O 5. a3 Bxc3 6. Nxc3 b6 7. b4 Bb7 8. Bb2 Re8 9. d4 exd4 10. Qxd4 Nc6 11. Qd2 a5 12. Nd5 Nxd5 13. cxd5 Ne5 14. Be2 axb4 15. axb4 Rxa1+ 16. Bxa1 Qa8 17. Qc3 f6 18. e4 Nf7 19. f3 Bxd5 20. exd5 Qa2 21. Qb2 Qxd5 22. O-O c5 23. Rd1 Qe6 24. Bf1 d5 25. bxc5 bxc5 26. Qb5 Qe3+ 27. Kh1 Nd6 28. Qc6 d4 29. Qxd6 Qe1 30. Rxe1 Rxe1 1-0


[Site "https://www.chess.com"]

[Event "Titled Tuesday Blitz October 31 Early 2023"]
[White "Bao, Qilin"]
[Black "So, Wesley"]
[WhiteFideId "8605750"]
[BlackFideId "5202213"]
[WhiteElo "2659"]
[BlackElo "3094"]
[Result "0-1"]
[Round "2"]
[TimeControl "180+1"]
[Date "2023.10.31"]
[WhiteClock "0:00:11"]
[BlackClock "0:01:07"]
[Board "5"]

1. Nf3 c5 2. c4 Nf6 3. g3 b6 4. Bg2 Bb7 5. O-O e6 6. b3 Be7 7. Bb2 O-O 8. Nc3 a6 9. Rc1 Re8 10. d4 cxd4 11. Nxd4 Bxg2 12. Kxg2 Qc8 13. e3 Nc6 14. Nxc6 Qxc6+ 15. Qf3 Qxf3+ 16. Kxf3 b5 17. cxb5 axb5 18. Nxb5 Rxa2 19. Bxf6 gxf6 20. Rc7 d5 21. Rfc1 Bf8 22. Rb7 Rb2 23. Nd4 Bd6 24. Rc6 Be5 25. b4 Ra8 26. h4 h5 27. g4 Raa2 28. Rc8+ Kh7 29. Nc2 Rxc2 30. Rxf7+ Kg6 31. Rxc2 Rxc2 32. Re7 hxg4+ 33. Kxg4 f5+ 34. Kf3 Kf6 35. Rb7 Rb2 36. b5 d4 37. exd4 Bxd4 0-1


[Site "https://www.chess.com"]

[Event "Titled Tuesday Blitz October 31 Early 2023"]
[White "Goltsev, Dmitry"]
[Black "Bluebaum, Matthias"]
[WhiteFideId "24176710"]
[BlackFideId "24651516"]
[WhiteElo "2653"]
[BlackElo "3083"]
[Result "1/2-1/2"]
[Round "2"]
[TimeControl "180+1"]
[Date "2023.10.31"]
[WhiteClock "0:01:06"]
[BlackClock "0:00:35"]
[Board "6"]

1. e4 e6 2. d4 d5 3. exd5 exd5 4. Nf3 Nc6 5. c4 Bb4+ 6. Nc3 Nge7 7. Bd3 dxc4 8. Bxc4 O-O 9. O-O Bg4 10. Bg5 Bxf3 11. Qxf3 Qxd4 12. Bb3 Ng6 13. Rad1 Nge5 14. Qg3 Qg4 15. Qxg4 Nxg4 16. Bf4 Bxc3 17. bxc3 Nge5 18. Rfe1 Rfe8 19. Kf1 Kf8 20. Bd5 Rad8 21. c4 Rd7 22. Bxc6 Rxd1 23. Rxd1 bxc6 24. Bxe5 Rxe5 25. Rd7 Re7 26. Rd8+ Re8 27. Rd7 Rc8 28. Rd3 Rb8 29. Ra3 Ke7 30. Rxa7 Kd6 31. c5+ Kd7 32. Ra5 Rb2 33. g3 Rc2 34. Kg2 Ke6 35. Kf3 Kd5 36. Ra7 Rxc5 37. Rxc7 Ke6 38. a4 Rc3+ 39. Kg2 g5 40. a5 Kf6 41. a6 Kg7 42. a7 Ra3 43. Rxc6 Rxa7 44. h3 f6 45. Rd6 h5 46. Rd5 Kg6 47. Rc5 Ra4 48. Rd5 h4 49. g4 Ra3 50. Rf5 Rd3 51. Rc5 Kf7 52. Rb5 Ke6 53. Ra5 Rd5 54. Ra6+ Ke5 55. Rb6 f5 56. Rg6 Kf4 57. Rf6 Ke4 58. Rxf5 Rxf5 59. gxf5 Kxf5 60. Kf3 g4+ 61. hxg4+ Kg5 62. Kg2 Kxg4 63. f3+ Kf4 64. Kh3 Kxf3 65. Kxh4 1/2-1/2


[Site "https://www.chess.com"]

[Event "Titled Tuesday Blitz October 31 Early 2023"]
[White "Sharapov, Evgeny"]
[Black "Makarian, Rudik"]
[WhiteFideId "14103133"]
[BlackFideId "44105681"]
[WhiteElo "2646"]
[BlackElo "3052"]
[Result "1-0"]
[Round "2"]
[TimeControl "180+1"]
[Date "2023.10.31"]
[WhiteClock "0:00:50"]
[BlackClock "0:00:20"]
[Board "7"]

1. e4 c5 2. Nf3 Nc6 3. d4 cxd4 4. Nxd4 Nf6 5. Nc3 d6 6. g3 Bg4 7. f3 Bd7 8. Be3 a6 9. g4 h6 10. Qd2 b5 11. O-O-O b4 12. Nd5 Nxd4 13. Nxf6+ gxf6 14. Bxd4 a5 15. Kb1 Qc7 16. h4 Rb8 17. Bd3 a4 18. g5 e5 19. Be3 a3 20. b3 fxg5 21. hxg5 h5 22. Bc4 Be6 23. Bxe6 fxe6 24. f4 exf4 25. Bxf4 Rc8 26. Rh2 Qc3 27. Qxc3 bxc3 28. Bxd6 Bxd6 29. Rxd6 Ke7 30. Rd1 Rcd8 31. Rxd8 Rxd8 32. Kc1 Rf8 33. Kd1 Rd8+ 34. Ke1 Rd4 35. Rxh5 Rxe4+ 36. Kf2 Rd4 37. Rh2 Rd2+ 38. Kg3 Kf7 39. Rf2+ Kg6 40. Kf3 Kxg5 41. Rxd2 cxd2 42. Ke2 Kf4 43. Kxd2 Kf3 44. Ke1 Ke3 45. c4 Kd4 46. Ke2 e5 47. Kd2 e4 48. Ke2 Kc3 49. c5 Kb2 50. c6 Kxa2 51. c7 Kxb3 52. c8=Q a2 53. Qh8 e3 54. Qa1 Ka3 55. Kxe3 Kb3 56. Kd3 Ka3 57. Kc4 1-0


[Site "https://www.chess.com"]

[Event "Titled Tuesday Blitz October 31 Early 2023"]
[White "Keymer, Vincent"]
[Black "Volkov, Maksim"]
[WhiteFideId "12940690"]
[BlackFideId "54123070"]
[WhiteElo "3052"]
[BlackElo "2645"]
[Result "1-0"]
[Round "2"]
[TimeControl "180+1"]
[Date "2023.10.31"]
[WhiteClock "0:02:22"]
[BlackClock "0:01:19"]
[Board "8"]

1. a3 d5 2. Nf3 Nf6 3. e3 Bf5 4. c4 e6 5. Qb3 Qc8 6. Nc3 c6 7. Nh4 Bg4 8. h3 Bh5 9. g4 Bg6 10. d4 Nbd7 11. g5 Ng8 12. Nxg6 hxg6 13. e4 dxe4 14. Nxe4 Rh4 15. Bg2 Qc7 16. Be3 e5 17. O-O-O exd4 18. Rxd4 Rh8 19. Rhd1 O-O-O 20. h4 Ne7 21. Nd6+ Kb8 22. Nxf7 Nf5 23. Bf4 1-0


[Site "https://www.chess.com"]

[Event "Titled Tuesday Blitz October 31 Early 2023"]
[White "Skliarov, Viktor"]
[Black "Terry, Renato"]
[WhiteFideId "14106736"]
[BlackFideId "3803457"]
[WhiteElo "2638"]
[BlackElo "3013"]
[Result "0-1"]
[Round "2"]
[TimeControl "180+1"]
[Date "2023.10.31"]
[WhiteClock "0:00:02"]
[BlackClock "0:00:17"]
[Board "9"]

1. e4 e6 2. d4 d5 3. e5 c5 4. c3 Qb6 5. Nf3 Bd7 6. Be2 cxd4 7. cxd4 Bb5 8. Nc3 Bxe2 9. Qxe2 Nc6 10. Be3 Nge7 11. O-O Nf5 12. Rfd1 Be7 13. Rac1 O-O 14. g4 Nxe3 15. fxe3 f6 16. Na4 Qd8 17. e4 dxe4 18. Qxe4 fxe5 19. Nxe5 Bg5 20. Nxc6 bxc6 21. Rxc6 Kh8 22. Rxe6 Qa5 23. Nc3 Bh4 24. Re5 Qb6 25. Rh5 Bf2+ 26. Kg2 h6 27. Rd2 Bh4 28. Nd5 Qa6 29. Nf4 Rae8 30. Ng6+ Kg8 31. Qd5+ Rf7 32. Rf5 Qxg6 33. Rxf7 Qxf7 34. Qxf7+ Kxf7 35. Kf3 Bf6 36. b3 Re1 37. h3 Ke6 38. Rc2 Kd6 39. Rc4 Rd1 40. Ke4 Re1+ 41. Kd3 Bd8 42. Ra4 Bb6 43. b4 Rh1 44. b5 Rxh3+ 45. Kc4 Rh4 0-1


[Site "https://www.chess.com"]

[Event "Titled Tuesday Blitz October 31 Early 2023"]
[White "Pranav, V"]
[Black "Matinian, Nikita"]
[WhiteFideId "25060783"]
[BlackFideId "24129100"]
[WhiteElo "3013"]
[BlackElo "2636"]
[Result "1-0"]
[Round "2"]
[TimeControl "180+1"]
[Date "2023.10.31"]
[WhiteClock "0:00:30"]
[BlackClock "0:00:00"]
[Board "10"]

1. e4 c5 2. Nf3 d6 3. d4 cxd4 4. Nxd4 Nf6 5. Nc3 g6 6. Be3 Nc6 7. f3 h5 8. Bc4 Bd7 9. Bb3 Ne5 10. Qd2 a5 11. a4 Bg7 12. O-O Rc8 13. Rae1 O-O 14. Bh6 Nc4 15. Bxc4 Rxc4 16. Bxg7 Kxg7 17. Kh1 Qb6 18. Ndb5 Bxb5 19. axb5 Rfc8 20. f4 Qd4 21. Qe2 Rb4 22. e5 Ng4 23. Nd1 Qc4 24. Qf3 Rxb5 25. h3 Nh6 26. Ne3 Qc6 27. Qg3 dxe5 28. f5 e4 29. Re2 Qd6 30. f6+ Kh7 31. Qh4 exf6 32. Rxf6 Qe7 33. Ref2 Rc7 34. b3 Re5 35. Qf4 1-0


[Site "https://www.chess.com"]

[Event "Titled Tuesday Blitz October 31 Early 2023"]
[White "Wizard_97"]
[Black "Le, Quang Liem"]
[BlackFideId "12401137"]
[WhiteElo "2632"]
[BlackElo "3005"]
[Result "0-1"]
[Round "2"]
[TimeControl "180+1"]
[Date "2023.10.31"]
[WhiteClock "0:00:02"]
[BlackClock "0:00:19"]
[Board "11"]

1. e4 c6 2. d4 d5 3. Nd2 dxe4 4. Nxe4 Nf6 5. Nxf6+ exf6 6. c3 Bd6 7. Bd3 O-O 8. Ne2 Re8 9. O-O Nd7 10. Ng3 g6 11. Bh6 Nf8 12. f4 f5 13. Qd2 Ne6 14. Rae1 Bd7 15. Bc4 b5 16. Bb3 Qc7 17. Qf2 Kh8 18. Bxe6 Bxe6 19. d5 Bxd5 20. Qd4+ f6 21. Qxf6+ Kg8 22. Nxf5 Bc5+ 23. Kh1 Qf7 24. Qxf7+ Kxf7 25. Nd4 Bxd4 26. cxd4 Bc4 27. Rg1 Bxa2 28. Bg5 a5 29. Re5 Rxe5 30. dxe5 a4 31. Rd1 Bd5 32. Kg1 b4 33. g4 a3 34. bxa3 bxa3 35. f5 gxf5 36. gxf5 Rg8 37. h4 h6 38. e6+ Kf8 39. Rb1 hxg5 40. Rb8+ Kg7 41. f6+ Kh8 42. Rxg8+ Kxg8 43. e7 Bf7 44. hxg5 a2 45. g6 a1=Q+ 0-1


[Site "https://www.chess.com"]